 Dungeon Crawl Stone Soup version 0.16.1-28-gcc2312f (webtiles) character file.

58 FlaggTheMystic the Magician (level 3, -4/19 HPs)
             Began as a Deep Elf Fire Elementalist on June 4, 2015.
             Slain by a goblin
             ... wielding a +6 dagger
             ... led by Robin
              (5 damage)
             ... on level 2 of the Dungeon.
             The game lasted 00:13:50 (1775 turns).

FlaggTheMystic the Magician (DEFE)                  Turns: 1775, Time: 00:13:51

Health: -4/19      AC:  3    Str:  5    XL:     3   Next: 75%
Magic:  5/12       EV: 13    Int: 20    God:
Gold:   109        SH:  0    Dex: 15    Spells: 3 memorised, 4 levels left

rFire  . . .     SeeInvis .     (no weapon)
rCold  . . .     Clarity  .     a - +0 robe
rNeg   . . .     SustAb   .     (no shield)
rPois  .         Gourm    .     (no helmet)
rElec  .         Spirit   .     (no cloak)
rCorr  .         Warding  .     (no gloves)
rMut   .         Stasis   .     h - +0 pair of boots
MR     .....                    (no amulet)
Stlth  ++........               (no ring)
                                (no ring)

@: not resistant to hostile enchantments, unstealthy
A: no striking features
a: no special abilities


You were on level 2 of the Dungeon.
You were not hungry.

You visited 1 branch of the dungeon, and saw 2 of its levels.

You collected 109 gold pieces.

Inventory:

Armour
 a - a +0 robe (worn)
 h - a +0 pair of boots (worn)
Jewellery
 g - a cursed ring of teleportation
Scrolls
 k - a scroll of identify
Potions
 d - a potion of curing {unknown}
 e - a potion of agility {unknown}
 f - 2 potions of might {unknown}
 i - a potion of flight {unknown}
 j - a potion of haste {unknown}
Books
 b - a book of Flames

   Spells                             Type                      Level
   a - Flame Tongue                   Conjuration/Fire             1
   b - Throw Flame                    Conjuration/Fire             2
   c - Conjure Flame                  Conjuration/Fire             3
   d - Inner Flame                    Hexes/Fire                   3
   e - Sticky Flame                   Conjuration/Fire             4
   f - Fireball                       Conjuration/Fire             5
Comestibles
 c - a bread ration


   Skills:
 - Level 0.7 Throwing
 + Level 3.0 Dodging
 + Level 2.6 Stealth
 * Level 4.2 Spellcasting
 - Level 1.2 Conjurations
 * Level 3.9 Fire Magic


You had 4 spell levels left.
You knew the following spells:

 Your Spells              Type           Power        Failure   Level  Hunger
a - Flame Tongue          Conj/Fire      ##...        4%          1    None
b - Throw Flame           Conj/Fire      ##....       10%         2    #......
c - Inner Flame           Hex/Fire       ##......     17%         3    ###....


Dungeon Overview and Level Annotations

Branches:
Dungeon (2/15)

Altars:

Annotations:
D:2 Ijyb, Robin


Message History

Things that are here:
a club; 17 stones; a goblin corpse Robin roars a battlecry!
The goblins go into a battle-frenzy!
Robin roars a battlecry!
The goblin goes into a battle-frenzy!
Robin roars a battlecry!
The goblin goes into a battle-frenzy!
Robin throws the goblin at you!
Casting: Flame Tongue
Confirm with . or Enter, or press ? or * to list all spells.
Aiming: Flame Tongue
Press: ? - help, Shift-Dir - straight line, f - goblin
Aim: a goblin (lightly wounded, consumed by blood-lust)
The flame tongue hits the goblin.
You kill the goblin!
Robin roars a battlecry!
The goblin goes into a battle-frenzy!
The goblin hits you with an enchanted dagger.
You die...

#.♣..÷♣.# #.g#
###..#.. #.......#
##g# #......)
#.♣.†.♣.# #g# #.#..#.#
#.......# #g# #.#..#.#
#.♣...♣.# #.# #.#.....
#.......# #g# #.####.#
####.####
#.#########.## #.. #.#
#†g..........###..
##.#
#@########..#.##..
#..# #.# #.###....
#.## #.# ##.#..##. #.#
#.# ##.#.##.
#####.#### #.#
##.#.##. .........#
#####.## #....###
########.#
#....).########....###
#.#
#...^#................
#.#
#>.....###.#######.###


You could see Ijyb, Robin and 4 goblins.

Vanquished Creatures
  2 adders (D:2)
  2 ball pythons (D:1)
  6 hobgoblins
  7 bats
  2 giant cockroaches (D:1)
  3 giant geckos (D:1)
  7 goblins
  4 kobolds
  5 rats
38 creatures vanquished.

Notes
Turn   | Place    | Note
--------------------------------------------------------------
     0 | D:1      | FlaggTheMystic, the Deep Elf Fire Elementalist, began the quest for the Orb.
     0 | D:1      | Reached XP level 1. HP: 10/10 MP: 5/5
   317 | D:1      | Reached XP level 2. HP: 15/15 MP: 6/8
   338 | D:1      | Learned a level 2 spell: Throw Flame
  1036 | D:1      | Reached skill level 4 in Spellcasting
  1276 | D:2      | Reached XP level 3. HP: 19/19 MP: 9/12
  1568 | D:2      | Learned a level 3 spell: Inner Flame
  1755 | D:2      | Noticed Robin
  1755 | D:2      | Noticed Ijyb
  1775 | D:2      | Slain by a goblin

Action                   || total
-------------------------++-------
Melee: Unarmed           ||     1
 Cast: Flame Tongue      ||    54
       Throw Flame       ||     8
       Inner Flame       ||     1
  Use: Scroll            ||     5
  Eat: Bread ration      ||     1
